 Dungeon Crawl Stone Soup version 0.22.0-16-gc6d26f6 (webtiles) character file.

518 shmeve the Chopper (level 7, -17/93 HPs)
             Began as a Minotaur Berserker on Aug 18, 2018.
             Was a Priest of Trog.
             Demolished by an orc warrior
             ... wielding a +0 battleaxe
              (22 damage)
             ... on level 5 of the Dungeon.
             The game lasted 00:04:04 (1954 turns).

shmeve the Chopper (Minotaur Berserker)             Turns: 1954, Time: 00:04:04

Health: -17/93     AC: -3    Str: 29    XL:     7   Next: 1%
Magic:  6/6        EV: 11    Int:  4    God:    Trog [***...]
Gold:   222        SH:  0    Dex:  9    Spells: 6/6 levels left

rFire    . . .     SeeInvis .   a - +0 hand axe
rCold    + . .     Gourm    .   (no shield)
rNeg     . . .     Faith    .   h - +0 scale mail (curse)
rPois    .         Spirit   .   (helmet restricted)
rElec    .         Reflect  .   (no cloak)
rCorr    .         Harm     .   n - +0 pair of gloves
MR       .....                  (no boots)
Stlth    ..........             (no amulet)
HPRegen  0.25/turn              l - ring of protection from cold
MPRegen  0.10/turn              (no ring)

@: berserking (expiring), corroded, very quick
A: retaliatory headbutt, horns 2
a: Berserk, Trog's Hand, Renounce Religion


You were on level 5 of the Dungeon.
You worshipped Trog.
Trog was most pleased with you.
You were hungry.

You visited 1 branch of the dungeon, and saw 4 of its levels.

You collected 222 gold pieces.

Inventory:

Hand Weapons
 a - a +0 hand axe (weapon)
Armour
 h - a cursed +0 scale mail (worn)
 n - a +0 pair of gloves (worn)
Jewellery
 l - a ring of protection from cold (left hand)
Wands
 b - a wand of digging (11)
Scrolls
 d - 4 scrolls of identify {unknown}
 e - 3 scrolls of teleportation {unknown}
 g - a scroll of remove curse {unknown}
 j - 2 scrolls of enchant armour {unknown}
Potions
 i - a potion of flight {unknown}
 k - a potion of mutation {unknown}
 m - a potion of degeneration {unknown}
Comestibles
 c - 6 rations
 f - 4 chunks of flesh


   Skills:
 * Level 5.6 Fighting
 * Level 5.8 Axes
 * Level 3.3 Throwing
 + Level 4.0 Armour
 + Level 3.5 Dodging


You had 6 spell levels left.
You didn't know any spells.
Your spell library was empty.

Dungeon Overview and Level Annotations

Branches:
Dungeon (3/15)

Altars:
Trog


Innate Abilities, Weirdness & Mutations

You reflexively headbutt those who attack you in melee.
You have a pair of horns on your head.


Message History

The rust devil corrodes you!
You closely miss the orc warrior.
You headbutt the orc warrior, but do no damage.
The orc warrior is heavily wounded.
You hit the rust devil but do no damage. x2
The orc warrior barely misses you. The rust devil hits you!
* * * LOW HITPOINT WARNING * * *
The rust devil corrodes you!
You closely miss the orc warrior.
The orc warrior is heavily wounded.
You hit the rust devil. You closely miss the rust devil.
The rust devil hits you!
* * * LOW HITPOINT WARNING * * *
The rust devil corrodes you!
You completely miss the orc warrior.
The orc warrior is heavily wounded.
You barely miss the rust devil.
You hit the rust devil but do no damage.
The orc warrior hits you with a battleaxe!!
You die...

## ##>##
##♣...♣##
#).....)#
#..o@4#
+..8)4+
#.....#
#).....)
##♣...♣##
##∩## ##


You could see 2 rust devils and an orc warrior.

Vanquished Creatures
  The ghost of sand the Cudgeler, an amateur OgMo (D:3)
  An orc warrior (D:5)
  A hound (D:2)
  An orc wizard (D:2)
  Natasha (thrice) (D:2)
  Robin (D:2)
  5 adders
  An ooze (D:3)
  3 worms (D:2)
  2 dart slugs
  A leopard gecko (D:1)
  2 orcs (D:3)
  2 ball pythons (D:2)
  4 bats
  2 giant cockroaches
  5 hobgoblins
  9 jackals
  7 kobolds
  A quokka (D:2)
  5 frilled lizards
  13 goblins
  5 rats
75 creatures vanquished.

Notes
Turn   | Place    | Note
-------+----------+-------------------------------------------
     0 | D:1      | shmeve the Minotaur Berserker began the quest for the Orb.
     0 | D:1      | Reached XP level 1. HP: 19/19 MP: 0/0
   155 | D:1      | Reached XP level 2. HP: 27/27 MP: 1/1
   369 | D:1      | You fall through a shaft!
   369 | D:2      | Noticed Natasha
   376 | D:2      | Killed Natasha
   376 | D:2      | Reached skill level 1 in Throwing
   376 | D:2      | Reached XP level 3. HP: 19/33 MP: 2/2
   386 | D:2      | Noticed Natasha
   390 | D:2      | Killed Natasha
   556 | D:2      | Reached XP level 4. HP: 33/40 MP: 3/3
   678 | D:2      | Reached ** piety under Trog
   776 | D:2      | Reached XP level 5. HP: 47/47 MP: 4/4
  1023 | D:2      | Noticed Natasha
  1027 | D:2      | Killed Natasha
  1027 | D:2      | Reached skill level 5 in Axes
  1099 | D:2      | Found a bloodstained altar of Trog.
  1151 | D:2      | Noticed Robin
  1161 | D:2      | Killed Robin
  1172 | D:2      | Reached skill level 5 in Fighting
  1583 | D:3      | Found a runed door.
  1583 | D:3      | Noticed sand's ghost (amateur OgMo)
  1616 | D:3      | Reached *** piety under Trog
  1620 | D:3      | Killed sand's ghost
  1620 | D:3      | Reached XP level 6. HP: 56/56 MP: 5/5
  1941 | D:3      | You fall through a shaft for 2 floors!
  1941 | D:5      | Entered Level 5 of the Dungeon
  1941 | D:5      | Noticed an orc warrior
  1941 | D:5      | Noticed an orc warrior
  1941 | D:5      | Noticed a rust devil
  1941 | D:5      | Noticed a rust devil
  1951 | D:5      | Killed an orc warrior
  1951 | D:5      | Reached XP level 7. HP: 39/62 MP: 6/6
  1953 | D:5      | HP: 4/93 [rust devil (7)]
  1954 | D:5      | Demolished by an orc warrior

Skill      XL: |  1  2  3  4  5  6 |
---------------+-------------------+-----
Fighting       | 4 5 |  5.6
Axes           | 4 5 |  5.8
Throwing       | 1 2 3 |  3.3
Armour         | 3 4 |  4.0
Dodging        | 3 |  3.5

Action                   |  1- 3 |  4- 6 |  7- 9 || total
-------------------------+-------+-------+-------++-------
Melee: Hand axe          |    30 |   110 |     3 ||   143
       Headbutt          |     7 |    24 |     1 ||    32
Invok: Berserk           |       |     4 |       ||     4
 Stab: Sleeping          |     1 |       |       ||     1
  Eat: Chunk             |       |     6 |       ||     6
Armor: Animal skin       |     4 |       |       ||     4
       Scale mail        |     6 |    31 |       ||    37
Dodge: Dodged            |    23 |    59 |     1 ||    83
